 Dungeon Crawl Stone Soup version 0.28-a0-1520-gc3277d3759 (webtiles) character file.

Game seed: 6843233570808282478

186 kae the Chopper (level 5, 0/47 HPs)
             Began as a Hill Orc Fighter on Jan 17, 2022.
             Slain by Menkaure (17 damage)
             ... on level 5 of the Dungeon.
             The game lasted 00:03:18 (3251 turns).

kae the Chopper (Hill Orc Fighter)                  Turns: 3251, Time: 00:03:18

Health: 0/47       AC:  8    Str: 21    XL:     5   Next: 66%
Magic:  5/5        EV:  9    Int:  8    God:
Gold:   70         SH:  4    Dex: 10    Spells: 4/4 levels left

rFire   . . .      SeeInvis .   a - +0 war axe
rCold   . . .      Faith    .   c - +0 buckler
rNeg    . . .      Spirit   .   b - +0 scale mail
rPois   .          Reflect  .   e - +0 helmet
rElec   .          Harm     .   (no cloak)
rCorr   .          Rampage  .   (no gloves)
Will    .....                   (no boots)
Stlth   ..........              (no amulet)
HPRegen 0.15/turn               (no ring)
MPRegen 0.09/turn               (no ring)

@: no status effects
A: no striking features
a: no special abilities


You were on level 5 of the Dungeon.
You visited 1 branch of the dungeon, and saw 4 of its levels.

You collected 70 gold pieces.

Inventory:

Hand Weapons
 a - a +0 war axe (weapon)
Missiles
 g - a throwing net (quivered)
Armour
 b - a +0 scale mail (worn)
 c - a +0 buckler (worn)
 e - a +0 helmet (worn)
Wands
 h - a wand of iceblast (5)
 i - a wand of flame (13)
Scrolls
 f - 2 scrolls of identify
 k - a scroll of vulnerability {unknown}
Potions
 d - 2 potions of might
 j - a potion of haste
 l - a potion of lignification


   Skills:
 + Level 4.7 Fighting
 * Level 5.3 Axes
 + Level 4.2 Armour
 - Level 4.0 Shields


You had 4 spell levels left.
You didn't know any spells.
Your spell library contained the following spells:

 Spells                   Type           Power      Damage    Failure   Level
 Ensorcelled Hibernation  Hex/Ice        0%         N/A       92%         2
 Passwall                 Tmut/Erth      0%         N/A       92%         2
 Swiftness                Air            0%         N/A       99%         3


Dungeon Overview and Level Annotations

Branches:
Dungeon (5/15)
 Temple: D:4-7

Altars:

Annotations:
D:5 Menkaure


Message History

No target in view!
No target in view!
No target in view!
No target in view!
No target in view!
HP restored.
Found 13 bolts.
Okay, then.
As you read the scroll labelled JYTARCH DUEPRA, it crumbles to dust.
You speak a Word of immense power!
It was a scroll of holy word.
Unknown command.
As you read the scroll of identify, it crumbles to dust.
l - a potion of lignification
Found a stone staircase leading up.
k - a scroll labelled MORYEBECVA
There is a stone staircase leading up here.
Found a ring mail.
Menkaure, Prince of Dust comes into view.
You can't go up here!
Menkaure is nearby!
Menkaure casts a spell at you. Pain shoots through your body!
You start resting.
Menkaure is nearby!
Found a stone staircase leading down.
Menkaure mumbles some strange words.
Menkaure seems to speed up.
You block Menkaure's attack.
You hit Menkaure but do no damage. Menkaure hits you.
You barely miss Menkaure. Menkaure hits you. x2
You barely miss Menkaure.
Menkaure calls on the powers of darkness!
Your body is wracked with pain!
You are too injured to fight recklessly!
You are too injured to fight recklessly!
You are too injured to fight recklessly!
You hit Menkaure.
Menkaure is lightly damaged.
Menkaure hits you!
You die...

#...# ##....# #.
##....##.....# ###.
#...........##### #...
[...##......#....########...
. .###............##.#.....
...............)..........
≈≈≈≈≈≈...#.............#.#
≈≈≈≈≈#≈...#...............#
≈###≈#≈...@..##.....##.#...
≈≈#≈..M....#..#...#.#...
≈≈≈≈≈.##.......##..#...#.
.##.. ...#..#.##....###.
#..#..#..##........##.
##...###...#...>.#.
...>......#.......
##################


You could see Menkaure (fast).

Vanquished Creatures
  An orc wizard (D:2)
  Robin (D:2)
  3 gnolls (D:3)
  An adder (D:2)
  3 worms (D:2)
  5 dart slugs
  3 orcs (D:2)
  7 bats
  7 endoplasms
  2 giant cockroaches (D:1)
  9 goblins
  15 hobgoblins
  4 jackals (D:1)
  5 kobolds
  3 quokkas
  9 ball pythons
  2 frilled lizards
  4 rats
84 creatures vanquished.

Notes
Turn   | Place    | Note
-------+----------+-------------------------------------------
     0 | D:1      | kae the Hill Orc Fighter began the quest for the Orb.
     0 | D:1      | Reached XP level 1. HP: 19/19 MP: 1/1
    31 | D:1      | Reached skill level 3 in Axes
    33 | D:1      | Reached XP level 2. HP: 27/27 MP: 2/2
   228 | D:1      | Reached XP level 3. HP: 27/33 MP: 3/3
   958 | D:2      | Reached skill level 4 in Axes
   964 | D:2      | Reached XP level 4. HP: 23/40 MP: 4/4
  1745 | D:2      | Reached XP level 5. HP: 47/47 MP: 5/5
  2372 | D:3      | Noticed Robin
  2467 | D:2      | Killed Robin
  2468 | D:2      | Reached skill level 5 in Axes
  3143 | D:3      | You fall into a shaft and drop 2 floors!
  3143 | D:5      | Entered Level 5 of the Dungeon
  3238 | D:5      | Noticed Menkaure
  3251 | D:5      | Slain by Menkaure

Illustrated notes

Levels and vault maps discovered:
D:1:      erik_arrival_blinker_ship, layout_loops_ring, serial_bayou_pond_e,
          minmay_bisected
D:2:      layout_loops_ring, nrook_campfire, grunt_decor_clamped
D:3:      layout_basic, uniq_robin
D:5:      wad_lake_hut, layout_cave_pools, minivault_1, minmay_crystal_water,
          pf_guarded_unrand_delatra, uniq_menkaure

Skill      XL: |  1  2  3  4  5 |
---------------+----------------+-----
Axes           | 3 4 5 |  5.3
Fighting       | 4 |  4.7
Armour         | 4 |  4.2
Shields        | 4 |  4.0

Action                   |  1- 3 |  4- 6 || total
-------------------------+-------+-------++-------
Melee: War axe           |    78 |   106 ||   184
  Use: Scroll            |       |     6 ||     6
Armor: Scale mail        |    38 |    57 ||    95
Dodge: Dodged            |    59 |    57 ||   116
Block: Buckler           |    13 |    27 ||    40

Table legend: (Time is in decaauts)
 A = Elapsed time spent in this place.
 B = Non-inter-level travel time spent in this place.
 C = Inter-level travel time spent in this place.
 D = Time resting spent in this place.
 E = Time spent auto-exploring this place.
 F = Levels seen in this place.
 G = Mean time per level.
                   A        B        C        D        E       F      G
               +--------+--------+--------+--------+--------+-----+--------+
         Total |   3317 |   3238 |     79 |    452 |   2272 |   4 |  829.2 |
       Dungeon |   3317 |   3238 |     79 |    452 |   2272 |   4 |  829.2 |
               +--------+--------+--------+--------+--------+-----+--------+

Top non-repeatable levels by time:
     D:2: 1533 daAuts
     D:1: 1132 daAuts
     D:3: 542 daAuts
     D:5: 109 daAuts
